 Dungeon Sprint DCSS version 0.28-a0-422-gd71735cc25 (webtiles) character file.

Game seed: 3177088031257884121

2533 Lochraine the Basher (level 9, 0/94 HPs)
             Began as a Deep Dwarf Fighter on Sept 8, 2021.
             Was an Initiate of Elyvilon.
             Slain by a deep troll (4 damage)
             ... in the Dungeon (Sprint I: "Red Sonja").
             The game lasted 00:05:01 (739 turns).

Lochraine the Basher (Deep Dwarf Fighter)            Turns: 739, Time: 00:05:01

Health: 0/94       AC:  7    Str: 22    XL:     9   Next: 30%
Magic:  15/15      EV: 10    Int:  9    God:    Elyvilon [......]
Gold:   361        SH:  6    Dex: 13    Spells: 8/8 levels left

rFire   . . .      SeeInvis .   a - +0 flail
rCold   + . .      Faith    .   c - +0 buckler
rNeg    . . .      Spirit   .   f - +0 ring mail {rPois}
rPois   +          Reflect  .   (no helmet)
rElec   .          Harm     .   (no cloak)
rCorr   .          Rampage  .   (no gloves)
Will    +....      NoTele   +   (no boots)
Stlth   +.........              (no amulet)
HPRegen 0.00/turn               l - ring of protection from cold
MPRegen 0.14/turn               (no ring)

@: hasted, very quick
A: damage resistance, heal wounds, sense surroundings 2, no regeneration
a: Heal Wounds, Renounce Religion


You were in the Dungeon.
You worshipped Elyvilon.
Elyvilon was noncommittal.
You visited 1 branch You collected 441 gold pieces.
You spent 80 gold pieces at shops.

Inventory:

Hand Weapons
 a - a +0 flail (weapon)
Armour
 b - a +0 scale mail
 c - a +0 buckler (worn)
 f - a +0 ring mail of poison resistance (worn)
   (You bought it in a shop in the Dungeon)
Jewellery
 l - a ring of protection from cold (left hand)
   (You found it in the Dungeon)
Scrolls
 d - a scroll of identify {unknown}
Potions
 e - a potion of curing {@q1}
 g - a potion of resistance {unknown}
 h - 2 potions of magic
 i - a potion of might
 k - a potion of lignification {unknown}


   Skills:
 + Level 10.9 Fighting
 + Level 11.6 Maces & Flails
 - Level 9.3 Armour
 - Level 9.3 Shields
 + Level 11.0 Invocations


You had 8 spell levels left.
You didn't know any spells.
Your spell library was empty.

Dungeon Overview and Level Annotations

Branches:
Dungeon (1/1)

Altars:
Cheibriados
Dithmenos
Elyvilon
Fedhas
Gozag
Hepliaklqana
Kikubaaqudgha
Makhleb
Nemelex Xobeh
Okawaru
Qazlal
Ru
Sif Muna
Trog
Uskayaw
Vehumet
Wu Jian
Xom
Yredelemnul
Zin
The Shining One
Jiyva
Lugonu

Shops:
D [


Innate Abilities, Weirdness & Mutations

You are resistant to damage.
You can heal yourself by infusing magical energy.
You passively map the area around you.
You do not regenerate.


Message History

You see here 8 bolts.
You open the door.
A deep troll comes into view.
The deep troll shouts!
Found 54 gold pieces.
You barely miss the deep troll. The deep troll bites you!
* * * LOW HITPOINT WARNING * * *
The deep troll claws you!
* * * LOW HITPOINT WARNING * * *
The deep troll closely misses you.
You feel much better. The deep troll bites you.
The deep troll closely misses you. The deep troll claws you.
You closely miss the deep troll. You closely miss the deep troll.
You block the deep troll's attack. The deep troll closely misses you.
The deep troll claws you.
You closely miss the deep troll. The deep troll bites you!
The deep troll claws you. The deep troll closely misses you.
You sock the deep troll! The deep troll bites you!!
* * * LOW HITPOINT WARNING * * *
The deep troll claws you!
* * * LOW HITPOINT WARNING * * *
The deep troll claws you!
* * * LOW HITPOINT WARNING * * *
Okay, then.
You feel much better. The deep troll bites you!
* * * LOW HITPOINT WARNING * * *
The deep troll claws you.
* * * LOW HITPOINT WARNING * * *
The deep troll barely misses you.
Your magical essence is drained by the effort!
You feel much better. The deep troll misses you. The deep troll claws you!
* * * LOW HITPOINT WARNING * * *
You block the deep troll's attack.
You feel yourself speed up. You block the deep troll's attack.
The deep troll claws you but does no damage.
The deep troll claws you.
* * * LOW HITPOINT WARNING * * *
You hit the deep troll but do no damage.
You closely miss the deep troll. The deep troll bites you!
* * * LOW HITPOINT WARNING * * *
The deep troll claws you!
* * * LOW HITPOINT WARNING * * *
The deep troll closely misses you.
Okay, then.
You fail to use your ability.
The deep troll bites you!
* * * LOW HITPOINT WARNING * * *
The deep troll claws you.
* * * LOW HITPOINT WARNING * * *
The deep troll claws you.
You die...

.#..)..#.)'..#__#..'...#
,
.').#..'..#..'..'..#)..#
,
.#####'#####'#__####...+,
.####..#...#.####§§#####
* , .#__####..##§#§§§§)#,
* * .#_____##'#_.§§§≈§§+
, , ⌠#_.∩...†..§_#§§≈§§#
, ##_..__##_.#'##§#### +*
, ,* , #_____###+#.#§.@.#
*, * * ####### ####T###,*
, * , , $$. +,∩ * ,, * *
+ * *, ####** ** * ,,* **
, * * , ,, ,,, ,** * ,
+**** , , , , , ,, * , *
* , ,


You could see a deep troll.

Vanquished Creatures
  2 centaur warriors (D)
  2 kobold demonologists (D)
  A slime creature (D)
  Sigmund (D)
  A yak (D)
  A floating eye (D)
  An ogre (D)
  A jelly (D)
  Ijyb (D)
11 creatures vanquished.

Notes
Turn   | Place    | Note
-------+----------+-------------------------------------------
     0 | D        | Lochraine the Deep Dwarf Fighter began the quest for the
                  | Orb.
     0 | D        | Reached XP level 1. HP: 20/20 MP: 1/1
     2 | D        | Noticed Ijyb
    11 | D        | Killed Ijyb
    12 | D        | Reached XP level 2. HP: 21/30 MP: 2/2
   316 | D        | Noticed an ogre
   320 | D        | Killed an ogre
   321 | D        | Reached skill level 5 in Armour
   321 | D        | Reached skill level 5 in Shields
   321 | D        | Reached XP level 3. HP: 24/38 MP: 3/3
   321 | D        | Reached XP level 4. HP: 28/45 MP: 4/4
   325 | D        | Noticed Sigmund
   356 | D        | Killed Sigmund
   357 | D        | Reached XP level 5. HP: 35/55 MP: 5/5
   485 | D        | Found an ornate altar of the Wu Jian Council.
   485 | D        | Found a shimmering blue altar of Sif Muna.
   487 | D        | Found a radiant altar of Vehumet.
   491 | D        | Reached XP level 6. HP: 24/63 MP: 6/6
   519 | D        | Found Fainozia's Armour Emporium.
   519 | D        | Found an ancient bone altar of Kikubaaqudgha.
   519 | D        | Found a hazy altar of Hepliaklqana.
   519 | D        | Found a hide-covered altar of Uskayaw.
   519 | D        | Found a basalt altar of Yredelemnul.
   519 | D        | Found an opulent altar of Gozag.
   519 | D        | Found a snail-covered altar of Cheibriados.
   519 | D        | Found a sacrificial altar of Ru.
   519 | D        | Found a shadowy altar of Dithmenos.
   519 | D        | Noticed a yak
   536 | D        | Killed a yak
   537 | D        | Found a stormy altar of Qazlal.
   537 | D        | Found a blossoming altar of Fedhas.
   537 | D        | Found a bloodstained altar of Trog.
   537 | D        | Found an iron altar of Okawaru.
   537 | D        | Found a glowing golden altar of the Shining One.
   537 | D        | Found a glowing silver altar of Zin.
   537 | D        | Found a white marble altar of Elyvilon.
   538 | D        | Found a sparkling altar of Nemelex Xobeh.
   544 | D        | Became a worshipper of Elyvilon the Healer
   559 | D        | Found a burning altar of Makhleb.
   559 | D        | Found a viscous altar of Jiyva.
   559 | D        | Found a shimmering altar of Xom.
   559 | D        | Found a corrupted altar of Lugonu.
   559 | D        | Noticed a slime creature
   573 | D        | Elyvilon protects you from harm!
   574 | D        | HP: 2/66 [slime creature (8)]
   586 | D        | Killed a slime creature
   587 | D        | Reached XP level 7. HP: 30/73 MP: 7/7
   603 | D        | Bought a +0 ring mail of poison resistance for 80 gold
                  | pieces
   637 | D        | Noticed a kobold demonologist
   637 | D        | Noticed a kobold demonologist
   638 | D        | Paralysed by a floating eye for 3 turns
   642 | D        | Noticed a soul eater
   644 | D        | Paralysed by a floating eye for 2 turns
   650 | D        | Killed a kobold demonologist
   652 | D        | Paralysed by a floating eye for 2 turns
   658 | D        | Reached skill level 5 in Invocations
   661 | D        | Noticed an orange demon
   668 | D        | Killed a kobold demonologist
   669 | D        | Reached XP level 8. HP: 42/85 MP: 8/12
   686 | D        | Noticed a centaur warrior
   686 | D        | Noticed a centaur warrior
   698 | D        | Killed a centaur warrior
   699 | D        | Reached skill level 10 in Fighting
   699 | D        | Reached skill level 10 in Maces & Flails
   703 | D        | Killed a centaur warrior
   704 | D        | Gained mutation: You passively map the area around you.
                  | [Deep Dwarf growth]
   704 | D        | Reached XP level 9. HP: 43/94 MP: 12/16
   727 | D        | Noticed a deep troll
   739 | D        | HP: 4/94 [deep troll (3)]
   739 | D        | Slain by a deep troll

Illustrated notes

Levels and vault maps discovered:
D:        dungeon_sprint_1 [red_sonja_temple_1, red_sonja_temple_small_1]

Skill      XL: |  1  2  3  4  5  6  7  8 |
---------------+-------------------------+-----
Fighting       | 3 4 6 7 9 10 | 10.9
Maces & Flails | 3 4 6 8 9 11 | 11.6
Armour         | 4 5 7 9 |  9.3
Shields        | 4 5 7 9 |  9.3
Invocations    | 6 11 | 11.0

Action                   |  1- 3 |  4- 6 |  7- 9 || total
-------------------------+-------+-------+-------++-------
Melee: Flail             |    12 |    65 |    43 ||   120
 Abil: Heal Wounds       |       |     6 |     8 ||    14
  Use: Potion            |     1 |     2 |     2 ||     5
       Scroll            |       |       |     1 ||     1
Armor: Scale mail        |     1 |     8 |       ||     9
       Ring mail         |       |       |    59 ||    59
Dodge: Dodged            |     3 |     7 |    41 ||    51
Block: Buckler           |     2 |    12 |    28 ||    42

Table legend: (Time is in decaauts)
 A = Elapsed time spent in this place.
 B = Non-inter-level travel time spent in this place.
 C = Inter-level travel time spent in this place.
 D = Time resting spent in this place.
 E = Time spent auto-exploring this place.
 F = Levels seen in this place.
 G = Mean time per level.
                   A        B        C        D        E       F      G
               +--------+--------+--------+--------+--------+-----+--------+
         Total |    741 |    741 |      0 |    410 |      0 |   1 |  741.0 |
       Dungeon |    741 |    741 |      0 |    410 |      0 |   1 |  741.0 |
               +--------+--------+--------+--------+--------+-----+--------+

Top non-repeatable levels by time:
       D: 741 daAuts
